 Dungeon Crawl Stone Soup version 0.20.0-15-g7f486f2 (webtiles) character file.

98 renl the Skirmisher (level 4, -6/29 HPs)
             Began as a Gargoyle Fighter on July 3, 2017.
             Killed from afar by an orc wizard (7 damage)
             ... with a magic dart
             ... on level 3 of the Dungeon.
             The game lasted 00:04:56 (1236 turns).

renl the Skirmisher (Gargoyle Fighter)              Turns: 1236, Time: 00:04:57

Health: -6/29      AC: 11    Str: 20    XL:     4   Next: 69%
Magic:  4/4        EV:  7    Int:  9    God:
Gold:   180        SH:  9    Dex:  9    Spells: 3/3 levels left

rFire    . . .     SeeInvis .   a - +0 war axe
rCold    . . .     Gourm    .   c - +0 shield
rNeg     + . .     Faith    .   b - +0 scale mail
rPois    ∞         Spirit   .   g - +0 helmet
rElec    +         Reflect  .   (no cloak)
rCorr    .         Harm     .   (no gloves)
MR       .....                  (no boots)
Stlth    ..........             (no amulet)
Regen    0.1/turn               (no ring)
MPRegen  0.1/turn               (no ring)

@: no status effects
A: negative energy resistance 1, electricity resistance, unbreathing,
petrification resistance, rot immunity, AC +3
a: no special abilities


You were on level 3 of the Dungeon.
You were not hungry.

You visited 1 branch of the dungeon, and saw 3 of its levels.

You collected 180 gold pieces.

Inventory:

Hand Weapons
 a - a +0 war axe (weapon)
Armour
 b - a +0 scale mail (worn)
 c - a +0 shield (worn)
 g - a +0 helmet (worn)
Scrolls
 e - 5 scrolls of identify {unknown}
 i - a scroll of teleportation {unknown}
 j - a scroll of fear {unknown}
 n - a scroll of enchant armour {unknown}
Potions
 d - 2 potions of might
 h - a potion of resistance {unknown}
 m - a potion of brilliance {unknown}
 o - a potion of flight {unknown}
Comestibles
 f - 2 bread rations
 k - 2 royal jellies
 l - 3 fruits
 p - 9 chunks of flesh


   Skills:
 + Level 4.1 Fighting
 * Level 3.3 Axes
 + Level 3.8 Armour
 - Level 3.2 Shields


You had 3 spell levels left.
You didn't know any spells.

Dungeon Overview and Level Annotations

Branches:
Dungeon (3/15)

Altars:


Innate Abilities, Weirdness & Mutations

You are resistant to torment.
Your stone body is resilient. (AC +3)
You are immune to poison.
You resist negative energy. (rN+)
You are resistant to electric shocks. (rElec)
You can survive without breathing.
You are immune to petrification.
You are immune to rotting.


Message History

The orc hits you but does no damage. The orc wizard barely misses you.
The orc barely misses you.
The kobold throws a stone.
The stone hits you but does no damage.
The orc wizard hits you but does no damage.
An orc comes into view. It is wielding a dagger.
You closely miss the orc. You closely miss the orc wizard. You hit the orc.
You closely miss the orc wizard. You block the orc's attack.
The orc wizard gestures at you while chanting.
The magic dart hits you!
* * * LOW HITPOINT WARNING * * *
The orc hits you but does no damage. The orc wizard barely misses you.
You barely miss the orc. You hit the orc wizard. You barely miss the orc.
You hit the orc wizard.
The orc wizard points at you and mumbles some strange words.
The puff of flame hits you!
* * * LOW HITPOINT WARNING * * *
The orc hits you but does no damage.
The orc wizard gestures at you while chanting.
The magic dart hits you!
You die...

# #.## ####.....
..######......$.
......#...##
.#.###oo....##.
..o...o@.......#
.#.###oo[...##.#
.......## #
###.##.## #K #.#
#. #.# #. .# ..


You could see 2 orc wizards, 4 orcs and a kobold.

Vanquished Creatures
  3 adders (D:2)
  3 worms (D:2)
  4 dart slugs (D:1)
  A leopard gecko (D:2)
  An orc (D:3)
  A giant cockroach (D:2)
  5 goblins
  6 hobgoblins
  7 jackals
  8 bats
  3 frilled lizards
  3 kobolds (D:1)
  8 rats
  2 fungi (D:1)
55 creatures vanquished.

Notes
Turn   | Place    | Note
-------+----------+-------------------------------------------
     0 | D:1      | renl the Gargoyle Fighter began the quest for the Orb.
     0 | D:1      | Reached XP level 1. HP: 14/14 MP: 1/1
   154 | D:1      | Reached XP level 2. HP: 15/19 MP: 2/2
   545 | D:1      | Reached XP level 3. HP: 24/24 MP: 3/3
   945 | D:2      | Reached XP level 4. HP: 27/29 MP: 4/4
   948 | D:2      | Reached skill level 4 in Fighting
  1236 | D:3      | HP: 1/29 [orc wizard/puff of flame (5)]
  1236 | D:3      | Killed from afar by an orc wizard

Skill      XL: |  1  2  3  4 |
---------------+-------------+-----
Axes           | 2 3 |  3.3
Fighting       | 4 |  4.1
Armour         | |  3.8
Shields        | |  3.2

Action                   |  1- 3 |  4- 6 || total
-------------------------+-------+-------++-------
Melee: War axe           |    86 |    50 ||   136
  Eat: Chunk             |       |     1 ||     1
Armor: Scale mail        |    37 |    42 ||    79
Dodge: Dodged            |    27 |    23 ||    50
Block: Shield            |    47 |    35 ||    82
